 BcadrenCrawl: Boulder Brew version 0.04.2-3-g40356c7de1 (webtiles) character file.

Game seed: 14592161295257012195, levelgen mode: deterministic

13041 gruber the Fanfare of Bloodshed (level 12, 20/93 HPs) Gnoll Demonspawn. Began on Apr 27, 2021. Was a Believer of Makhleb. Quit the game on level 6 of the Dungeon. The game lasted 00:19:42 (6884 turns).

gruber the Fanfare of Bloodshed (Gnoll Demonspawn)  Turns: 6884, Time: 00:19:43

Health: 20/93      AC: 22    Str: 17    XL:     12 ^: 13352
Magic:  8/22       EV: 13    Int: 25    God:    Makhleb [2* [63]]
Gold:   1033       SH:  0    Dex: 23    Spells: 18/24 levels left

rFire    + . .     Vision   .   F - +5 dagger (speed)
rCold    + . .     Gourm    .   A - +4 falchion
rNeg     + . .     Faith    .   z - +2 iron troll leather of Coronation {rN+ Regen+ Int+7 Dex+4}
rPois    .         Spirit   +   B - +1 helmet
rElec    .         Reflect  .   p - scarf {rC+ rF+}
rCorr    .         Harm     .   E - +1 pair of gloves
MR       .....                  (boots unavailable)
Stlth    ..........             w - amulet of magic regeneration
HPRegen  0.81/turn              j - ring of dexterity
MPRegen  0.89/turn              v - ring of wizardry

@: hasted, very quick
A: distributed training, fangs 1, talons 3, rugged brown scales 2, demonic
guardian 1, dopey 1, magic shield, magic regeneration, strong nose
a: Minor Destruction, Renounce Religion


You were on level 6 of the Dungeon.
You worshipped Makhleb.
Makhleb was pleased with you.
You were not hungry.

You visited 2 branches of the dungeon, and saw 8 of its levels.

You collected 2337 gold pieces.
You spent 1304 gold pieces at shops.

Inventory:

Weapons
 e - a +2 whip of electrocution
 A - a +4 falchion (weapon)
 F - a +5 dagger of speed (weapon)
Armour
 p - a scarf of resistance (worn)
 z - the +2 iron troll leather of Coronation (worn) {rN+ Regen+ Int+7 Dex+4}
   (You bought it in a shop on level 4 of the Dungeon)

   It affects your intelligence (+7).
   It affects your dexterity (+4).
   It protects you from negative energy.
   It increases your rate of regeneration.
 B - a +1 helmet (worn)
 E - a +1 pair of gloves (worn)
Jewellery
 f - an uncursed amulet of regeneration
 j - a ring of dexterity (left hand)
 m - a cursed ring of intelligence {(Curse: MR-)}
 o - an uncursed ring of ice
 q - an uncursed ring of resist corrosion
 s - a cursed ring of poison resistance {(Curse: Stlth-)}
 v - a ring of wizardry (right hand)
 w - an amulet of magic regeneration (around neck)
Wands
 a - a wand of polymorph (9)
 u - a wand of random effects
 y - a wand of iceblast (8)
Scrolls
 h - a scroll of fog
 k - 4 scrolls of enchantment
 l - 2 scrolls of blinking
 n - 7 scrolls of teleportation
 D - a scroll of amnesia
Potions
 b - 2 potions of magic
 c - 7 potions of curing
 g - 2 potions of cancellation
 i - 3 potions of haste
 r - a potion of ambrosia
 x - 2 potions of resistance
 C - a potion of brilliance
Comestibles
 d - 14 rations


   Skills:
 + Level 6.8 Fighting
 + Level 6.2 Short Blades
 + Level 7.8 Long Blades
 + Level 6.2 Axes & Hammers
 + Level 6.2 Whips & Flails
 + Level 6.2 Polearms
 + Level 6.2 Maces & Staves
 + Level 6.2 Slings
 + Level 6.2 Bows
 + Level 6.2 Crossbows
   Level 0.0 Throwing
 + Level 6.2 Armour
 + Level 9.1 Dodging
 + Level 7.6 Stealth
 + Level 6.2 Shields
 + Level 6.2 Unarmed Combat
 + Level 6.9 Spellcasting
 + Level 5.1 Hexes
 + Level 5.1 Charms
 + Level 5.1 Summonings
 + Level 5.1 Necromancy
 + Level 5.1 Translocations
 + Level 5.1 Transmutations
 + Level 6.5 Fire Magic
 + Level 5.1 Ice Magic
 + Level 5.1 Air Magic
 + Level 5.1 Earth Magic
 + Level 5.1 Poison Magic
 + Level 11.6 Invocations
 + Level 6.2 Evocations


You had 18 spell levels left.
You knew the following spells:

 Your Spells              Type           Power        Failure   Level  Hunger
a - Flame Tongue          Fire           30 (30)      1%          1    None
b - Blink                 Tloc           N/A          3%          2    None
c - Mephitic Cloud        Pois/Air       34 (100)     6%          3    None

Your spell library contained the following spells:

 Spells                   Type           Power        Failure   Level  Hunger
 Call Imp                 Summ           34 (100)     3%          2    None
 Slow                     Hex            34 (100)     3%          2    None
 Conjure Flame            Fire           41 (100)     3%          3    None
 Ignite Poison            Fire/Tmut      37 (100)     4%          3    None
 Fireball                 Fire           41 (200)     32%         5    #####..
 Bolt of Fire             Fire           41 (200)     85%         6    ######.
 Starburst                Fire           41 (200)     85%         6    ######.
 Ring of Flames           Chrm/Fire      37 (200)     90%         6    ######.
 Ignition                 Fire           41 (200)     100%        8    #######


Dungeon Overview and Level Annotations

Branches:
Dungeon (7/8)              Temple (1/1) D:4            Lair (0/6) D:5
    Orc (0/2) D:6
 Vaults: D:7

Altars:
Ashenzari
Dithmenos
Fedhas Madash
Gozag Ym Sagoz
Hepliaklqana
Kikubaaqudgha
Makhleb
Nemelex Xobeh
Okawaru
Qazlal
Sif Muna
Wu Jian
Yredelemnul
Zin
Beogh

Shops:
D:4 [   D:6 (   D:7 %

Annotations:
D:3 3 runed translucent doors, t4s4d4r's ghost, novice DrIE
D:7 Rupert; Sonja


Innate Abilities, Weirdness & Mutations

Your experience applies equally to all skills.
You have very sharp teeth.
You have claws for feet.
You are mostly covered in rugged brown scales. (AC +2, +5% HP)
A weak demonic guardian rushes to your aid.
When hurt, damage is shared between your health and your magic reserves.
You regenerate magic rapidly.
Your uncanny sense of smell can sniff out nearby items.
You are dopey. (Int -2)


Message History

Unknown command.
You puncture Rupert (8)! You slash Rupert (7)!
You claw Rupert, but do no damage. You bite Rupert, but do no damage.
Rupert is lightly wounded. (161/176) HP Rupert hits you with a cursed +0 vampiric battleaxe {(Curse: *Contam)} (35)!!
Rupert draws strength from your wounds (9)!
Sonja casts a spell.
Sonja blinks!
The centaur warrior hits you with a cursed +2 shortbow of velocity {(Curse: Fragile)} (4).
Rupert hits you with a cursed +0 vampiric battleaxe {(Curse: *Contam)} (21)!!
Rupert draws strength from your wounds (4).
Unknown command.
The centaur warrior shoots an arrow.
The arrow punctures you (7)!
* * * LOW HITPOINT WARNING * * *
The centaur warrior shoots an arrow.
The arrow punctures you (9)!
* * * LOW HITPOINT WARNING * * *
x2
There is a stone staircase leading up, spattered with blood here.
You climb upwards.
There is a stone staircase leading down, spattered with blood here.
Are you sure you want to abandon this character and quit the game? (Confirm with "yes".)

#......[..............#.....#....
#...........<.........#.....#....
#......)..........>...#.....#....
#.....................#######....
#................................
....##########...................
....# #....[..#####....... ....#
#.......# #....... ....#
#..@....# #.<..... ....#
#.......# #....... #####
######### ######.. ###


There were no monsters in sight!

Vanquished Creatures
  Harold (D:4)
  An ice dragon (D:6)
  An unseen horror (D:6)
  A tengu warrior (D:7)
  A two-headed ogre (D:6)
  2 centaur warriors (D:7)
  An elephant (D:5)
  A kobold demonologist (D:7)
  3 trolls
  A hornet (D:5)
  A vampire (D:6)
  2 hippogriffs
  A cyclops (D:6)
  Menkaure (D:2)
  2 yaks (D:6)
  A vampire mosquito (D:5)
  A slime creature (D:6)
  2 wolf spider zombies (D:7)
  5 orc warriors
  2 black bears
  A porcupine (D:5)
  2 scorpions
  An ice beast (D:5)
  5 sky beasts
  3 ogres
  3 crocodiles
  3 big kobolds
  10 bullfrogs
  A harpy zombie (D:7)
  2 centaurs
  2 harpy skeletons (D:7)
  4 wights (D:5)
  A killer bee (D:6)
  A quasit (D:4)
  A crimson imp (D:4)
  5 hounds
  8 jellies
  12 orc wizards
  8 orc priests
  3 iguanas
  6 worker ants
  A water moccasin skeleton (D:4)
  3 wyvern skeletons
  7 giant cockroaches
  2 bullfrog zombies (D:4)
  A porcupine zombie (D:5)
  4 bullfrog skeletons
  11 adders
  48 sewer rats
  3 white imps (D:4)
  4 worms (D:2)
  16 cinder newts
  A hound zombie (D:5)
  2 oozes
  A dart slug (D:1)
  9 leopard geckos
  47 orcs
  3 adder skeletons
  A ball python (D:3)
  A cinder newt skeleton (D:2)
  9 goblins (D:1)
  7 hobgoblins (D:1)
  2 jackals (D:3)
  12 kobolds
  7 bats
  A bat skeleton (D:2)
  2 rats (D:1)
  A giant blowfly (D:2)
  7 withered plants (D:2)
326 creatures vanquished.

Vanquished Creatures (collateral kills)
  A kobold demonologist (D:6)
  A yak (D:6)
  A water moccasin (D:2)
  An eye of draining (D:5)
  An ogre (D:4)
  A crocodile (D:5)
  2 jellies
  4 sewer rats (D:2)
  3 orcs
  A kobold (D:2)
16 creatures vanquished.

Vanquished Creatures (others)
  A vault guard (D:7)
  A giant cockroach (D:2)
  A sewer rat (D:2)
  A leopard gecko (D:2)
  A bat (D:2)
  A kobold (D:2)
  A giant blowfly (D:2)
  A plant (D:5)
  3 slimeheads (D:2)
  146 withered plants (D:2)
157 creatures vanquished.

Grand Total: 499 creatures vanquished

Notes
Turn   | Place    | Note
-------+----------+-------------------------------------------
     0 | D:1      | gruber the Gnoll Demonspawn began the quest for the Orb.
     0 | D:1      | Reached XP level 1. HP: 17/17 MP: 4/4
    42 | D:1      | Gained mutation: A weak demonic guardian rushes to your
                  | aid. [demonic ancestry]
    42 | D:1      | Reached XP level 2. HP: 19/23 MP: 6/6
    65 | D:1      | Gained mutation: You have sharp toenails. [demonic
                  | ancestry]
    65 | D:1      | Reached XP level 3. HP: 27/28 MP: 7/7
    92 | D:1      | Identified a scroll of acquirement
   150 | D:1      | Identified the ring "Ulairphof" {rN+ MP+9 Int+2} (You
                  | acquired it on level 1 of the Dungeon)
   179 | D:1      | Gained mutation: When hurt, damage is shared between your
                  | health and your magic reserves. [demonic ancestry]
   179 | D:1      | Reached XP level 4. HP: 34/34 MP: 9/9
   237 | D:1      | Reached skill level 1 in Short Blades
   237 | D:1      | Reached skill level 1 in Axes & Hammers
   237 | D:1      | Reached skill level 1 in Whips & Flails
   237 | D:1      | Reached skill level 1 in Polearms
   237 | D:1      | Reached skill level 1 in Maces & Staves
   237 | D:1      | Reached skill level 1 in Slings
   237 | D:1      | Reached skill level 1 in Bows
   237 | D:1      | Reached skill level 1 in Crossbows
   237 | D:1      | Reached skill level 1 in Armour
   237 | D:1      | Reached skill level 1 in Shields
   237 | D:1      | Reached skill level 1 in Unarmed Combat
   237 | D:1      | Reached skill level 1 in Evocations
   372 | D:1      | Identified the cursed amulet "Debaog" {Spirit Fragile rF+
                  | rN+, (Curse: Fragile Slay-3)}
   546 | D:2      | Reached XP level 5. HP: 40/40 MP: 10/10
   549 | D:2      | Reached skill level 1 in Hexes
   549 | D:2      | Reached skill level 1 in Charms
   549 | D:2      | Reached skill level 1 in Summonings
   549 | D:2      | Reached skill level 1 in Necromancy
   549 | D:2      | Reached skill level 1 in Translocations
   549 | D:2      | Reached skill level 1 in Transmutations
   549 | D:2      | Reached skill level 1 in Ice Magic
   549 | D:2      | Reached skill level 1 in Air Magic
   549 | D:2      | Reached skill level 1 in Earth Magic
   549 | D:2      | Reached skill level 1 in Poison Magic
   551 | D:2      | Reached skill level 7 in Invocations
   574 | D:1      | Gained mutation: You are partially covered in rugged brown
                  | scales. (AC +1, +3% HP) [demonic ancestry]
   574 | D:1      | Reached XP level 6. HP: 18/48 MP: 9/11
   796 | D:2      | Found a faded altar of an unknown god.
   841 | D:2      | Reached skill level 5 in Long Blades
   852 | D:2      | Gained mutation: You have razor-sharp toenails. [demonic
                  | ancestry]
   852 | D:2      | Reached XP level 7. HP: 53/53 MP: 12/12
   921 | D:2      | Noticed Menkaure
   955 | D:2      | Killed Menkaure
  1148 | D:2      | Reached XP level 8. HP: 57/61 MP: 13/13
  1222 | D:2      | Reached skill level 5 in Stealth
  1323 | D:2      | Reached skill level 8 in Invocations
  2359 | D:3      | Found a runed translucent gate.
  2360 | D:3      | Found a runed translucent gate.
  2360 | D:3      | Noticed t4s4d4r's ghost (novice DrIE)
  2387 | D:3      | Found a runed translucent gate.
  2902 | D:3      | Gained mutation: You are mostly covered in rugged brown
                  | scales. (AC +2, +5% HP) [demonic ancestry]
  2902 | D:3      | Reached XP level 9. HP: 49/69 MP: 12/15
  2914 | D:3      | Learned a level 2 spell: Blink
  2918 | D:3      | Learned a level 3 spell: Mephitic Cloud
  3196 | D:4      | Found a staircase to the Ecumenical Temple.
  3266 | D:4      | Reached skill level 9 in Invocations
  3290 | D:4      | Found Kaxkeisk's Antique Armour Boutique.
  3290 | D:4      | Noticed Harold
  3302 | D:4      | Reached skill level 5 in Fire Magic
  3307 | D:4      | Gained mutation: You are dopey. (Int -2) [Harold]
  3308 | D:4      | Killed Harold
  3308 | D:4      | Reached skill level 5 in Fighting
  3308 | D:4      | Reached skill level 5 in Spellcasting
  3515 | D:4      | Gained mutation: You regenerate magic rapidly. [demonic
                  | ancestry]
  3515 | D:4      | Reached XP level 10. HP: 73/77 MP: 17/17
  3731 | D:4      | Found a blossoming altar of Fedhas.
  3765 | D:4      | Bought a smoking iron troll leather for 870 gold pieces
  3765 | D:4      | Identified the +2 iron troll leather of Coronation {rN+
                  | Regen+ Int+7 Dex+4} (You bought it in a shop on level 4 of
                  | the Dungeon)
  3884 | D:5      | Entered Level 5 of the Dungeon
  3884 | D:5      | Identified the cursed ring of Ase Itodd {MR+ EV+5 Int+5
                  | Dex-4, (Curse: *Tele Fragile rF-)}
  4048 | D:5      | Reached skill level 10 in Invocations
  4335 | D:5      | Reached skill level 5 in Short Blades
  4335 | D:5      | Reached skill level 5 in Axes & Hammers
  4335 | D:5      | Reached skill level 5 in Whips & Flails
  4335 | D:5      | Reached skill level 5 in Polearms
  4335 | D:5      | Reached skill level 5 in Maces & Staves
  4335 | D:5      | Reached skill level 5 in Slings
  4335 | D:5      | Reached skill level 5 in Bows
  4335 | D:5      | Reached skill level 5 in Crossbows
  4335 | D:5      | Reached skill level 5 in Armour
  4335 | D:5      | Reached skill level 5 in Shields
  4335 | D:5      | Reached skill level 5 in Unarmed Combat
  4335 | D:5      | Reached skill level 5 in Evocations
  4347 | D:5      | Found a staircase to the Lair.
  4652 | Temple   | Entered the Ecumenical Temple
  4659 | Temple   | Became a worshipper of Makhleb the Destroyer
  5112 | D:6      | Gained mutation: You have claws for feet. [demonic
                  | ancestry]
  5112 | D:6      | Reached XP level 11. HP: 77/85 MP: 20/20
  5215 | D:6      | Reached * piety under Makhleb
  5215 | D:6      | Noticed an ice dragon
  5335 | D:6      | Killed an ice dragon
  5385 | D:6      | Killed an unseen horror
  5385 | D:6      | Reached skill level 11 in Invocations
  5489 | D:6      | Found a roughly hewn altar of Beogh.
  5489 | D:6      | Found a staircase to the Orcish Mines.
  5588 | D:4      | Bought a shiny helmet for 217 gold pieces
  5588 | D:4      | Bought a pair of runed gloves for 217 gold pieces
  5729 | D:6      | Noticed a two-headed ogre
  5735 | D:6      | Killed a two-headed ogre
  5753 | D:6      | Reached ** piety under Makhleb
  5827 | D:6      | Found Cecigos's Weapon Boutique.
  6152 | D:7      | Found Siskatin's Food Shoppe.
  6162 | D:7      | Noticed Sonja
  6309 | D:7      | Noticed an ogre mage
  6374 | D:7      | Noticed a centaur warrior
  6374 | D:7      | Noticed a centaur warrior
  6383 | D:7      | Killed a centaur warrior
  6383 | D:7      | Reached skill level 5 in Hexes
  6383 | D:7      | Reached skill level 5 in Charms
  6383 | D:7      | Reached skill level 5 in Summonings
  6383 | D:7      | Reached skill level 5 in Necromancy
  6383 | D:7      | Reached skill level 5 in Translocations
  6383 | D:7      | Reached skill level 5 in Transmutations
  6383 | D:7      | Reached skill level 5 in Ice Magic
  6383 | D:7      | Reached skill level 5 in Air Magic
  6383 | D:7      | Reached skill level 5 in Earth Magic
  6383 | D:7      | Reached skill level 5 in Poison Magic
  6451 | D:7      | Killed a centaur warrior
  6590 | D:7      | Noticed a tengu warrior
  6606 | D:7      | Killed a tengu warrior
  6705 | D:7      | Reached XP level 12. HP: 67/93 MP: 22/22
  6727 | D:7      | Found a shimmering blue altar of Sif Muna.
  6728 | D:7      | Noticed a death knight
  6762 | D:7      | Noticed a rakshasa
  6862 | D:7      | Noticed Rupert
  6884 | D:6      | Quit the game

Levels and vault maps discovered:
D:1:      ncdulo_smallfort, layout_cave_pools, minmay_ruptured
D:2:      layout_sewer, chequers_ecumenical_altar_simple, first_ration,
          uniq_menkaure
D:3:      layout_basic, ebering_ghost_rock_garden
D:4:      layout_rooms, fedhas_altar_fruit_tree, minmay_temple_entry_mini_moons,
          serial_shops, shop, uniq_harold
D:5:      layout_stronghold, david_lair_generic
D:6:      layout_irregular_city, david_orc_5, serial_shops, kennysheep_mini_moat
D:7:      layout_loops_cross, ximxim_vaults_locker_room, basic_altar,
          serial_shops, shop_fountains, minmay_misc_feat_rows, uniq_rupert,
          uniq_sonja
Temple:   dpeg_three_leaves_temple

Skill      XL: |  1  2  3  4  5  6  7  8  9 10 11 |
---------------+----------------------------------+-----
Short Blades   | 1 2 3 4 5 6 |  6.2
Axes & Hammers | 1 2 3 4 5 6 |  6.2
Whips & Flails | 1 2 3 4 5 6 |  6.2
Polearms       | 1 2 3 4 5 6 |  6.2
Maces & Staves | 1 2 3 4 5 6 |  6.2
Slings         | 1 2 3 4 5 6 |  6.2
Bows           | 1 2 3 4 5 6 |  6.2
Crossbows      | 1 2 3 4 5 6 |  6.2
Armour         | 1 2 3 4 5 6 |  6.2
Shields        | 1 2 3 4 5 6 |  6.2
Unarmed Combat | 1 2 3 4 5 6 |  6.2
Evocations     | 1 2 3 4 5 6 |  6.2
Spellcasting   | 3 4 5 6 |  6.9
Hexes          | 1 2 3 4 5 |  5.1
Charms         | 1 2 3 4 5 |  5.1
Summonings     | 1 2 3 4 5 |  5.1
Necromancy     | 1 2 3 4 5 |  5.1
Translocations | 1 2 3 4 5 |  5.1
Transmutations | 1 2 3 4 5 |  5.1
Ice Magic      | 1 2 3 4 5 |  5.1
Air Magic      | 1 2 3 4 5 |  5.1
Earth Magic    | 1 2 3 4 5 |  5.1
Poison Magic   | 1 2 3 4 5 |  5.1
Invocations    | 7 8 9 10 11 | 11.6
Fighting       | 3 4 5 6 |  6.8
Fire Magic     | 4 5 6 |  6.5
Long Blades    | 5 6 7 |  7.8
Dodging        | 7 8 9 |  9.1
Stealth        | 5 6 7 |  7.6

Action                   |  1- 3 |  4- 6 |  7- 9 | 10-12 || total
-------------------------+-------+-------+-------+-------++-------
Melee: Long sword        |    23 |    44 |   106 |       ||   173
       Unarmed           |     6 |       |       |       ||     6
       Whip              |     3 |    29 |   124 |    39 ||   195
       Kick              |     1 |     3 |    41 |   132 ||   177
       Bite              |       |       |    17 |    42 ||    59
       Spear             |       |       |    76 |   305 ||   381
       Falchion          |       |       |       |   191 ||   191
       Dagger            |       |       |       |    14 ||    14
Evoke: Wand              |       |       |       |     1 ||     1
  Use: Scroll            |     1 |       |       |     1 ||     2
       Potion            |       |       |       |     1 ||     1
 Stab: Sleeping          |     1 |     4 |     7 |       ||    12
       Distracted        |     1 |       |     5 |     6 ||    12
  Eat: Chunk             |       |       |    10 |    11 ||    21
       Ration            |       |       |       |     1 ||     1
Armor: Leather armour    |     4 |    10 |    14 |       ||    28
       Robe              |       |       |    18 |     5 ||    23
       Iron troll leathe |       |       |       |   385 ||   385
Dodge: Dodged            |    16 |    44 |   206 |   271 ||   537
       Rpst.: Long sword |     6 |    11 |    39 |       ||    56
       Falchion          |       |       |       |    45 ||    45
